 Dungeon Crawl Stone Soup version 0.30-a0-533-g4794bfbd1c (webtiles) character file.

Game seed: 992729840124569717

634 tilp the Covered (level 8, -6/67 HPs)
             Began as a Meteoran Fighter on Dec 24, 2022.
             Mangled by a gnoll
             ... wielding a +0 flail of protection
              (8 damage)
             ... on level 7 of the Dungeon.
             The game lasted 00:07:41 (1308 turns).

tilp the Covered (Meteoran Fighter)                 Turns: 1308, Time: 00:07:41

Health: -6/67      AC:  9    Str: 19    XL:     8   Next: 7%
Magic:  9/9        EV: 11    Int:  9    God:
Gold:   50         SH:  5    Dex: 15    Spells: 7/7 levels left

rFire   . . .      SeeInvis .    a - +1 long sword
rCold   . . .      Faith    .    c - +0 buckler
rNeg    . . .      Spirit   .    e - +0 scale mail
rPois   .          Reflect  .    (no helmet)
rElec   .          Harm     .    (no cloak)
rCorr   .          Rampage  .    (no gloves)
Will    +....                    l - +1 pair of boots
Stlth   +                        (no amulet)
HPRegen 0.31/turn                (no ring)
MPRegen 0.11/turn                (no ring)

@: glowing
A: sense surroundings 1, otherworldly, glowing, explore regen
a: no special abilities


You were on level 7 of the Dungeon.
You visited 1 branch of the dungeon, and saw 6 of its levels.
You also visited: Sewer.

You collected 89 gold pieces.
You spent 39 gold pieces at shops.

Inventory:

Hand Weapons
 a - a +1 long sword (weapon)
 b - a +1 short sword of flaming
Missiles
 d - a curare-tipped dart
 f - 32 stones
 i - 18 poisoned darts (quivered)
Armour
 c - a +0 buckler (worn)
 e - a +0 scale mail (worn)
 g - an orb of energy
 l - a +1 pair of boots (worn)
Wands
 n - a wand of flame (19)
Scrolls
 j - a scroll of vulnerability {unknown}
 k - a scroll of blinking {unknown}
 r - a scroll of enchant weapon
 s - a scroll of amnesia {unknown}
 t - a scroll of teleportation
Potions
 h - 4 potions of heal wounds
 m - 2 potions of resistance {unknown}
 o - 2 potions of haste {unknown}
 p - a potion of experience {unknown}
 q - 2 potions of invisibility {unknown}


   Skills:
 + Level 4.5 Fighting
 + Level 4.6 Long Blades
 + Level 2.0 Throwing
 + Level 4.7 Armour
 + Level 4.6 Dodging
 + Level 2.5 Stealth
 - Level 4.0 Shields
 + Level 1.3 Evocations


You had 7 spell levels left.
You didn't know any spells.
Your spell library contained the following spells:

 Spells                   Type           Power      Damage    Failure   Level
 Hailstorm                Conj/Ice       0%         3d3       99%         3
 Ice Form                 Ice/Tmut       0%         N/A       100%        4
 Simulacrum               Ice/Necr       0%         N/A       100%        6


Dungeon Overview and Level Annotations

Branches:
Dungeon (5/15) Zot: 2718   Temple (0/1) D:5           Sewer (visited)

Altars:

Shops:
D:4 *   D:7 ?


Innate Abilities, Weirdness & Mutations

You passively map a small area around you.
You are easily found by Zot.
You glow in the dark.
You regain HP and MP as you explore.


Message History

You block the gnoll's attack.
The gnoll hits you with a +0 flail of protection.
* * * LOW HITPOINT WARNING * * *
The gnoll hits you with a +0 halberd.
* * * LOW HITPOINT WARNING * * *
Unknown command.
You closely miss the gnoll.
The gnoll is almost dead.
The gnoll barely misses you.
The gnoll hits you with a +0 flail of protection.
* * * LOW HITPOINT WARNING * * *
The gnoll closely misses you.
Unknown command.
It was a potion of heal wounds.
You feel much better. The gnoll hits you but does no damage.
The gnoll hits you with a +0 flail of protection.
You block the gnoll's attack.
Unknown command.
You closely miss the gnoll.
The gnoll is almost dead.
The gnoll barely misses you.
The gnoll hits you with a +0 flail of protection.
* * * LOW HITPOINT WARNING * * *
You block the gnoll's attack.
Unknown command.
You barely miss the gnoll.
The gnoll is almost dead.
The gnoll hits you but does no damage.
The gnoll hits you with a +0 flail of protection!
* * * LOW HITPOINT WARNING * * *
The gnoll hits you with a +0 halberd.
* * * LOW HITPOINT WARNING * * *
Unknown command.
You slash the gnoll!
You kill the gnoll!
The gnoll barely misses you. The gnoll hits you but does no damage.
The gnoll hits you with a +0 halberd!
* * * LOW HITPOINT WARNING * * *
The gnoll hits you with a +0 flail of protection!
You die...

* , #....#...#,, ,
,,#....#..##.....#
* *
#....#..##...g.# *
,
,.....#...#..g).#
.....#...#.....# ,
, , ,#...#.....# ,
, #...#..g..# ,+ *
+*#).##.....# ,
#g@##.....#
#.g)......# *, , ,
, *#.........# * ,
*#.........# ,
#.........# , ,
#.........# .
#.........# * K..
* #.........#, ...
, ...######.. ,


You could see 2 gnolls.

Vanquished Creatures
  An ice beast (D:7)
  2 kobold brigands (Sewer)
  A howler monkey (D:7)
  2 hounds
  An orc priest (D:7)
  An iguana (D:4)
  2 orc wizards (D:7)
  A gnoll (D:7)
  2 adders (Sewer)
  4 river rats
  3 worms
  A dart slug (D:2)
  An orc (D:4)
  18 ball pythons
  A bat (D:2)
  4 giant cockroaches (D:4)
  3 goblins
  2 hobgoblins
  18 kobolds
  A quokka (D:4)
  2 frilled lizards
  26 rats
97 creatures vanquished.

Vanquished Creatures (collateral kills)
  A scorpion (D:4)
1 creature vanquished.

Grand Total: 98 creatures vanquished

Notes
Turn   | Place    | Note
-------+----------+-------------------------------------------
     0 | D:1      | tilp the Meteoran Fighter began the quest for the Orb.
     0 | D:1      | Reached XP level 1. HP: 19/19 MP: 2/2
    50 | D:1      | Reached XP level 2. HP: 10/26 MP: 3/3
   211 | D:3      | Reached XP level 3. HP: 30/31 MP: 4/4
   216 | D:3      | Reached skill level 1 in Dodging
   236 | D:4      | Noticed a scorpion
   236 | D:4      | Found Nuyt's Assorted Antiques.
   249 | D:4      | Killed a scorpion
   250 | D:4      | Reached skill level 1 in Stealth
   250 | D:4      | Reached XP level 4. HP: 20/40 MP: 5/5
   250 | D:4      | Reached XP level 5. HP: 23/46 MP: 6/6
   518 | D:4      | HP: 2/46 [river rat (4)]
   560 | D:4      | Reached XP level 6. HP: 28/52 MP: 7/7
   594 | D:4      | Found a glowing drain.
   610 | Sewer    | Entered a sewer
   775 | Sewer    | Reached XP level 7. HP: 17/59 MP: 8/8
   873 | Sewer    | Reached skill level 1 in Throwing
  1062 | Sewer    | Glimpsed the power of Zot.
  1109 | Sewer    | Glimpsed the power of Zot.
  1190 | D:5      | Entered Level 5 of the Dungeon
  1190 | D:5      | Found a staircase to the Ecumenical Temple.
  1190 | D:5      | You fall into a shaft and drop 2 floors!
  1202 | D:7      | Noticed a hornet
  1214 | D:7      | Found Zuts's Magic Scroll Boutique.
  1236 | D:7      | Reached skill level 1 in Evocations
  1245 | D:7      | Bought a scroll of teleportation for 39 gold pieces
  1276 | D:7      | Reached XP level 8. HP: 52/67 MP: 9/9
  1308 | D:7      | HP: 2/67 [gnoll/+0 halberd (10)]
  1308 | D:7      | Mangled by a gnoll

Illustrated notes

Levels and vault maps discovered:
D:1:      minmay_arrival_floating_metal, layout_rooms, serial_shops,
          nicolae_diamond_shop, nrook_mini_backslash
D:2:      layout_basic, chequers_serial_rivers_micro_b
D:3:      layout_basic
D:4:      layout_basic, gup_sewer_entry_bubbles, serial_shops, shop,
          nicolae_stop_n_shop_2, nicolae_shop_window_shopping
D:5:      layout_rooms, nicolae_overflow_crystal_walls,
          minmay_temple_entry_drinking_statues
D:7:      layout_gridville, nicolae_hepliaklqana_hazy_memory, serial_shops,
          shop_fountains

Skill      XL: |  1  2  3  4  5  6  7  8 |
---------------+-------------------------+-----
Dodging        | 2 4 |  4.6
Long Blades    | 3 4 |  4.6
Armour         | 4 |  4.7
Stealth        | 1 2 |  2.5
Shields        | 4 |  4.0
Fighting       | 4 |  4.5
Throwing       | 1 2 |  2.0
Evocations     | 1 |  1.3

Action                   |  1- 3 |  4- 6 |  7- 9 || total
-------------------------+-------+-------+-------++-------
Melee: Long sword        |    59 |   147 |   169 ||   375
Throw: Dart              |       |       |     2 ||     2
  Use: Scroll            |     2 |     1 |     4 ||     7
       Potion            |       |     1 |     1 ||     2
Armor: Scale mail        |    26 |    63 |    94 ||   183
Dodge: Dodged            |    25 |    61 |   118 ||   204
Block: Buckler           |    19 |    31 |    59 ||   109

Table legend: (Time is in decaauts)
 A = Elapsed time spent in this place.
 B = Non-inter-level travel time spent in this place.
 C = Inter-level travel time spent in this place.
 D = Time resting spent in this place.
 E = Time spent auto-exploring this place.
 F = Levels seen in this place.
 G = Mean time per level.
                   A        B        C        D        E       F      G
               +--------+--------+--------+--------+--------+-----+--------+
         Total |   1447 |   1370 |     77 |      3 |      0 |   7 |  206.7 |
       Dungeon |    880 |    803 |     77 |      0 |      0 |   6 |  146.7 |
         Sewer |    567 |    567 |      0 |      3 |      0 |   1 |  567.0 |
               +--------+--------+--------+--------+--------+-----+--------+

Top non-repeatable levels by time:
   Sewer: 567 daAuts
     D:4: 497 daAuts
     D:7: 129 daAuts
     D:1: 108 daAuts
     D:2: 97 daAuts
     D:3: 46 daAuts
